 Dungeon Crawl Stone Soup version 0.26-a0-850-g97a50ab700 (webtiles) character file.

Game seed: 8350808120024924860

8907 miscthings the Severer (level 11, -4/94 HPs)
             Began as a Hill Orc Transmuter on Nov 20, 2020.
             Was a High Priest of Okawaru.
             Slain by a cane toad (16 damage)
             ... on level 1 of the Lair of Beasts.
             The game lasted 00:21:51 (11787 turns).

miscthings the Severer (Hill Orc Transmuter)       Turns: 11787, Time: 00:21:52

Health: -4/94      AC: 15    Str: 17    XL:     11   Next: 38%
Magic:  13/13      EV: 12    Int: 13    God:    Okawaru [*****.]
Gold:   246        SH:  0    Dex: 17    Spells: 10/13 levels left

rFire    . . .     SeeInvis .   L - +5 battleaxe (flame)
rCold    + . .     Faith    .   (shield currently unavailable)
rNeg     + + .     Spirit   .   w - +5 ring mail "Netojo" {rC+ rN+}
rPois    .         Reflect  .   o - +2 helmet
rElec    .         Harm     .   j - +0 cloak
rCorr    +         Rampage  .   (no gloves)
MR       .....                  (no boots)
Stlth    +.........             C - macabre finger necklace {rN+}
HPRegen  0.25/turn              D - ring of resist corrosion
MPRegen  0.13/turn              K - +6 ring of dexterity
                                (no ring)

@: no status effects
A: no striking features
a: Heroism, Finesse, Renounce Religion


You were on level 1 of the Lair of Beasts.
You worshipped Okawaru.
Okawaru was extremely pleased with you.
You visited 2 branches of the dungeon, and saw 11 of its levels.

You collected 726 gold pieces.
You spent 480 gold pieces at shops.

Inventory:

Hand Weapons
 h - a +2 war axe of draining
 s - a +3 dagger of venom
 L - a +5 battleaxe of flaming (weapon)
Missiles
 b - 72 poisoned darts (quivered)
Armour
 j - a +0 cloak (worn)
 o - a +2 helmet (worn)
 r - a +0 buckler
 w - the +5 ring mail "Netojo" (worn) {rC+ rN+}
   (You found it on level 6 of the Dungeon)

   It protects you from cold.
   It protects you from negative energy.
 B - the +2 leather armour "Toir" {rPois rF+ Str-2}
   (You found it on level 8 of the Dungeon)

   It affects your strength (-2).
   It protects you from fire.
   It protects you from poison.
 I - the +2 ring mail of the Gloaming {rCorr}
   (You found it on level 10 of the Dungeon)

   It provides partial protection from all sources of acid and corrosion.
Jewellery
 C - the macabre finger necklace (around neck) {rN+}
   (You found it on level 9 of the Dungeon)

   [amulet of nothing]

   It protects you from negative energy.
 D - a ring of resist corrosion (left hand)
 K - a +6 ring of dexterity (right hand)
Wands
 g - a wand of digging (3)
 x - a wand of acid (9)
 y - a wand of polymorph (7)
Scrolls
 a - 4 scrolls of remove curse
 c - 2 scrolls of enchant weapon
 e - 2 scrolls of blinking
 f - 4 scrolls of amnesia
 i - 2 scrolls of magic mapping
 k - a scroll of identify {@r1}
 m - 3 scrolls of teleportation
 n - 2 scrolls of fear
 t - 4 scrolls of enchant armour
 F - a scroll of immolation {unknown}
 G - a scroll of silence {unknown}
 J - a scroll of random uselessness {unknown}
Potions
 d - a potion of ambrosia
 l - a potion of magic
 p - a potion of brilliance
 q - 4 potions of attraction
 u - a potion of mutation
 v - 2 potions of might
 z - 2 potions of berserk rage
 A - 2 potions of curing
 H - a potion of haste
Miscellaneous
 E - a condenser vane


   Skills:
 - Level 8.1 Fighting
 + Level 16.8 Axes
 - Level 3.9 Armour
 - Level 3.4 Dodging
 - Level 4.0 Shields
 - Level 3.2 Unarmed Combat
 - Level 1.5 Spellcasting
 - Level 3.0 Transmutations
 - Level 1.8 Invocations
 - Level 1.4 Evocations


You had 10 spell levels left.
You knew the following spells:

 Your Spells              Type           Power        Failure   Level
a - Beastly Appendage     Tmut           #.....       14%         1
b - Wereblood             Tmut           #.......     21%         2

Your spell library contained the following spells:

 Spells                   Type           Power        Failure   Level
 Shock                    Conj/Air       #...         43%         1
 Summon Small Mammal      Summ           #...         43%         1
 Call Imp                 Summ           #.......     56%         2
 Swiftness                Air            #.......     56%         2
 Spider Form              Tmut/Pois      #.........   58%         3
 Call Canine Familiar     Summ           #.......     80%         3
 Static Discharge         Conj/Air       #.......     80%         3
 Summon Guardian Golem    Hex/Summ       #.......     80%         3
 Ice Form                 Ice/Tmut       #.......     94%         4
 Blade Hands              Tmut           #.........   98%         5
 Airstrike                Air            #.........   99%         4
 Summon Ice Beast         Ice/Summ       #.......     99%         4
 Summon Lightning Spire   Summ/Air       #.......     99%         4
 Lightning Bolt           Conj/Air       #.........   100%        5


Dungeon Overview and Level Annotations

Branches:
Dungeon (10/15)            Temple (0/1) D:6            Lair (1/6) D:10
    Orc: D:9-12

Altars:
Dithmenos
Kikubaaqudgha
Makhleb
Okawaru
Sif Muna
Trog
Vehumet
Zin
The Shining One
Beogh

Shops:
D:9 }

Annotations:
Lair:1 1 runed translucent door


Message History

The water moccasin bites you but does no damage.
The cane toad misses you. The water moccasin barely misses you.
You barely miss the cane toad.
The cane toad is severely wounded.
You slash the water moccasin! You burn the water moccasin.
The cane toad barely misses you. The water moccasin barely misses you.
You closely miss the cane toad.
The cane toad is severely wounded.
You slash the water moccasin! You burn the water moccasin.
The water moccasin bites you but does no damage.
The cane toad stings you!
* * * LOW HITPOINT WARNING * * *
You are lethally poisoned!
The cane toad poisons you!
You feel better. The water moccasin bites you.
* * * LOW HITPOINT WARNING * * *
The cane toad closely misses you. The water moccasin bites you.
* * * LOW HITPOINT WARNING * * *
The cane toad stings you!
You die...

#..........P.##..#..#...##.#...
#.............#.....##..#....#.
#.#..#.......P.###...........###
......P...##.#..#....#......#.#
............##.##..####.+#####
................#..## ##.#
...............#...P####.#
........(..###.##........#
........######..@...#.# ##
........###.#..##FS..#
#..P............#†.##....
#..§§≈≈§§..........# ..
§#≈§...............
#§................
§§≈...........#.....
...........P..##....
.........###.## ###.


You could see a cane toad and a water moccasin.

Vanquished Creatures
  An orb spider (D:10)
  An oklob plant (D:10)
  A black mamba (Lair:1)
  A water nymph (D:10)
  A rime drake (D:10)
  A cane toad (Lair:1)
  A troll (D:10)
  Sigmund (D:6)
  5 yaks (Lair:1)
  Grum (D:8)
  Eustachio (D:6)
  A steam dragon (D:10)
  Edmund (D:6)
  3 water moccasins
  4 orc warriors (D:10)
  A black bear (D:10)
  3 phantoms
  A sky beast (D:8)
  8 ogres
  2 wolves (D:8)
  4 centaurs
  A big kobold (D:7)
  6 bullfrogs
  4 jellies
  2 scorpions
  10 killer bees
  A howler monkey (D:4)
  2 electric eels
  A crimson imp (D:8)
  6 orc priests
  4 hounds
  14 orc wizards
  A bullfrog skeleton (D:7)
  3 centaur skeletons
  4 iguanas
  9 worker ants
  3 hound skeletons
  A howler monkey zombie (D:7)
  11 adders
  3 gnolls (D:7)
  A shadow imp (D:8)
  2 white imps
  An ufetubus (D:10)
  An adder zombie (D:10)
  2 adder skeletons
  6 worms
  2 dart slugs
  6 leopard geckos
  42 orcs
  11 bats
  6 giant cockroaches
  11 hobgoblins
  4 jackals
  15 kobolds
  2 quokkas
  A ball python (D:2)
  4 frilled lizards
  7 goblins
  A quokka skeleton (D:7)
  4 rats
258 creatures vanquished.

Vanquished Creatures (others)
  29 plants
29 creatures vanquished.

Grand Total: 287 creatures vanquished

Notes
Turn   | Place    | Note
-------+----------+-------------------------------------------
     0 | D:1      | miscthings the Hill Orc Transmuter began the quest for the
                  | Orb.
     0 | D:1      | Reached XP level 1. HP: 16/16 MP: 3/3
   130 | D:1      | Reached XP level 2. HP: 19/25 MP: 2/4
  1101 | D:2      | Reached XP level 3. HP: 31/31 MP: 2/5
  1149 | D:2      | Found an ancient bone altar of Kikubaaqudgha.
  1655 | D:2      | Found a burning altar of Makhleb.
  1656 | D:2      | Found an iron altar of Okawaru.
  1657 | D:2      | Found a glowing silver altar of Zin.
  1657 | D:2      | Found a bloodstained altar of Trog.
  1662 | D:2      | Became a worshipper of Warmaster Okawaru
  2094 | D:2      | Reached XP level 4. HP: 27/41 MP: 3/6
  2098 | D:2      | Reached skill level 5 in Fighting
  2574 | D:3      | Reached XP level 5. HP: 46/49 MP: 5/7
  2577 | D:3      | Learned a level 2 spell: Wereblood
  2802 | D:3      | Reached XP level 6. HP: 51/58 MP: 5/8
  3084 | D:3      | Reached * piety under Okawaru
  3464 | D:4      | Reached skill level 1 in Shields
  3464 | D:4      | Reached XP level 7. HP: 57/68 MP: 6/9
  3496 | D:4      | Found a radiant altar of Vehumet.
  3665 | D:4      | Reached skill level 1 in Armour
  3781 | D:4      | Reached ** piety under Okawaru
  4340 | D:5      | Entered Level 5 of the Dungeon
  4555 | D:5      | Reached XP level 8. HP: 57/74 MP: 8/10
  5104 | D:4      | Reached skill level 1 in Invocations
  5111 | D:4      | Reached skill level 1 in Evocations
  5160 | D:4      | Reached *** piety under Okawaru
  5619 | D:6      | Reached skill level 1 in Axes
  5630 | D:6      | Found a staircase to the Ecumenical Temple.
  5632 | D:6      | Reached skill level 2 in Axes
  5647 | D:6      | Noticed Edmund
  5656 | D:6      | Reached skill level 3 in Axes
  5667 | D:6      | Killed Edmund
  5668 | D:6      | Reached skill level 4 in Axes
  5668 | D:6      | Reached XP level 9. HP: 77/81 MP: 11/11
  5752 | D:6      | Got a bloodstained ring mail
  5763 | D:6      | Identified the +5 ring mail "Netojo" {rC+ rN+} (You found
                  | it on level 6 of the Dungeon)
  5770 | D:6      | Noticed Eustachio
  5783 | D:6      | Killed Eustachio
  5784 | D:6      | Reached skill level 5 in Axes
  5981 | D:6      | Reached skill level 6 in Axes
  6131 | D:6      | Found a shimmering blue altar of Sif Muna.
  6193 | D:6      | Noticed Sigmund
  6202 | D:6      | Killed Sigmund
  6203 | D:6      | Reached skill level 7 in Axes
  6696 | D:7      | Found a glowing golden altar of the Shining One.
  6783 | D:7      | Reached skill level 8 in Axes
  7070 | D:7      | Reached skill level 9 in Axes
  7691 | D:8      | Reached skill level 10 in Axes
  7769 | D:8      | Reached **** piety under Okawaru
  7925 | D:8      | Noticed Grum
  7954 | D:8      | Reached skill level 11 in Axes
  8000 | D:8      | Killed Grum
  8001 | D:8      | Reached XP level 10. HP: 20/88 MP: 12/12
  8442 | D:8      | Got a jacinth-encrusted leather armour
  8453 | D:8      | Identified the +2 leather armour "Toir" {rPois rF+ Str-2}
                  | (You found it on level 8 of the Dungeon)
  8495 | D:8      | Found a shadowy altar of Dithmenos.
  8660 | D:9      | Found the macabre finger necklace {rN+}
  8709 | D:9      | Found Tekh's Gadget Shoppe.
  8715 | D:9      | Reached skill level 12 in Axes
  8726 | D:9      | Bought a condenser vane for 480 gold pieces
  9323 | D:10     | Entered Level 10 of the Dungeon
  9347 | D:10     | Found a staircase to the Lair.
  9347 | D:10     | Noticed an oklob plant
  9420 | D:10     | Reached skill level 13 in Axes
  9633 | D:10     | Reached ***** piety under Okawaru
  9772 | D:10     | Noticed a two-headed ogre
  9774 | D:10     | Noticed a water nymph
  9774 | D:10     | a two-headed ogre changed into a water nymph
  9781 | D:10     | Killed a water nymph
 10128 | D:10     | Noticed a two-headed ogre
 10129 | D:10     | Noticed an orb spider
 10129 | D:10     | a two-headed ogre changed into an orb spider
 10138 | D:10     | Reached skill level 14 in Axes
 10155 | D:10     | Killed an orb spider
 10495 | D:10     | Got a jewelled ring mail
 10508 | D:10     | Identified the +2 ring mail of the Gloaming {rCorr} (You
                  | found it on level 10 of the Dungeon)
 10549 | D:10     | Reached skill level 15 in Axes
 10851 | D:10     | Found a roughly hewn altar of Beogh.
 10870 | D:10     | Reached XP level 11. HP: 94/94 MP: 13/13
 10875 | D:10     | Received a gift from Okawaru
 11217 | D:10     | Killed an oklob plant
 11218 | D:10     | Reached skill level 16 in Axes
 11364 | Lair:1   | Entered Level 1 of the Lair of Beasts
 11754 | Lair:1   | Found a runed translucent door.
 11765 | Lair:1   | Noticed a six-headed hydra
 11787 | Lair:1   | Slain by a cane toad

Illustrated notes

Levels and vault maps discovered:
D:1:      shiori_arrival_oz, layout_basic
D:2:      layout_basic, chequers_temple_overflow_statue_of_worship,
          old_standard_altar, serial_rivers, chequers_serial_rivers_large_a,
          chequers_serial_rivers_room_b, chequers_serial_rivers_micro_d,
          chequers_serial_rivers_micro_a, kennysheep_generic_room_16
D:3:      layout_basic
D:4:      layout_basic, general_overflow_altar, gammafunk_ghost_necromancy
D:5:      layout_basic, due_unseen_surprise
D:6:      layout_basic, lemuel_doored_altar, minmay_temple_entry_antechambers,
          uniq_edmund, uniq_eustachio, uniq_sigmund
D:7:      layout_loops_corners, nicolae_tso_carved_into_rock,
          grunt_decor_mini_mirrors
D:8:      layout_basic, grunt_dithmenos_shadows, nicolae_overflow_hidden_temple,
          minmay_fire_ice_demons, uniq_grum
D:9:      layout_long_grid, serial_shops, shop_coins,
          hangedman_decor_clover_reticule
D:10:     layout_layer_cave, dpeg_oklobed_lair, special_room [special_room_orc],
          corexii_checkpoint_a, serial_bayou_lagoon_a
Lair:1:   gammafunk_indiana_jones, layout_gridlike, grunt_megastairs_2

Skill      XL: |  1  2  3  4  5  6  7  8  9 10 11 |
---------------+----------------------------------+-----
Fighting       | 2 3 4 5 6 8 |  8.1
Shields        | 1 3 4 |  4.0
Armour         | 2 3 |  3.9
Dodging        | 2 3 |  3.4
Transmutations | 2 3 |  3.0
Invocations    | 1 |  1.8
Evocations     | 1 |  1.4
Axes           | 4 11 15 16 | 16.8
Unarmed Combat | |  3.2
Spellcasting   | |  1.5

Action                   |  1- 3 |  4- 6 |  7- 9 | 10-12 || total
-------------------------+-------+-------+-------+-------++-------
Melee: Unarmed           |    44 |       |       |       ||    44
       Kick              |    10 |    24 |    63 |    12 ||   109
       Headbutt          |     8 |    13 |    55 |     8 ||    84
       Dagger            |    73 |   149 |   450 |    15 ||   687
       Punch             |     1 |     3 |       |       ||     4
       War axe           |       |       |     3 |   175 ||   178
       Battleaxe         |       |       |       |    40 ||    40
Throw: Dart              |       |       |       |     2 ||     2
 Cast: Beastly Appendage |    18 |    16 |    41 |    10 ||    85
Invok: Heroism           |       |       |       |     2 ||     2
Evoke: Wand              |       |       |     1 |     8 ||     9
  Use: Scroll            |       |       |    18 |     4 ||    22
       Potion            |       |       |       |     2 ||     2
Armor: Robe              |    18 |       |       |       ||    18
       Ring mail         |     8 |    96 |   156 |    96 ||   356
Dodge: Dodged            |    91 |   101 |   196 |   100 ||   488
Block: Buckler           |       |     1 |    70 |    31 ||   102

Table legend: (Time is in decaauts)
 A = Elapsed time spent in this place.
 B = Non-inter-level travel time spent in this place.
 C = Inter-level travel time spent in this place.
 D = Time resting spent in this place.
 E = Time spent auto-exploring this place.
 F = Levels seen in this place.
 G = Mean time per level.
                   A        B        C        D        E       F      G
               +--------+--------+--------+--------+--------+-----+--------+
         Total |  11768 |  11534 |    234 |   3121 |   5997 |  11 | 1069.8 |
       Dungeon |  11350 |  11116 |    234 |   2848 |   5956 |  10 | 1135.0 |
          Lair |    418 |    418 |      0 |    273 |     41 |   1 |  418.0 |
               +--------+--------+--------+--------+--------+-----+--------+

Top non-repeatable levels by time:
    D:10: 2022 daAuts
     D:4: 1610 daAuts
     D:8: 1264 daAuts
     D:2: 1089 daAuts
     D:1: 1050 daAuts
     D:5: 990 daAuts
     D:7: 891 daAuts
     D:3: 876 daAuts
     D:6: 824 daAuts
     D:9: 731 daAuts
  Lair:1: 418 daAuts
